 Dungeon Sprint DCSS version 0.31-a0-1009-g454b1f1e0a (webtiles) character file.

Game seed: 2626431781621098772

2284 Revguard the Carver (level 9, -1/74 HPs)
             Began as a Demonspawn Gladiator on Nov 15, 2023.
             Was a Follower of Uskayaw.
             Killed from afar by an air elemental (15 damage)
             ... with a stunning burst
             ... in the Dungeon (Sprint V: "Ziggurat Sprint").
             The game lasted 00:03:19 (373 turns).

Revguard the Carver (Demonspawn Gladiator)           Turns: 373, Time: 00:03:20

Health: -1/74      AC: 19    Str: 20    XL:     9   Next: 17%
Magic:  10/16      EV: 15    Int: 10    God:    Uskayaw [*.....]
Gold:   0          SH:  0    Dex: 25    Spells: 8/8 levels left

rFire   . . .        F - +9 sword of Power {lifebolt}
rCold   . . .        (shield currently unavailable)
rNeg    . . .        l - +5 shadow dragon scales
rPois   .            (helmet unavailable)
rElec   .            (no cloak)
rCorr   .            (no gloves)
SInv    +            (no boots)
Will    .....        (no amulet)
Stlth   +++          D - +6 ring of strength
HPRegen 0.32/turn    z - +6 ring of dexterity
MPRegen 0.15/turn

%: no teleportation
@: studying Fighting
A: antennae 3, foul stench 1, powered by death 1, weakness stinger 1, demonic
touch 1
a: Renounce Religion, Stomp


You were in the Dungeon.
You worshipped Uskayaw.
Uskayaw was aware of your devotion.
You visited 1 branch

Inventory:

Hand Weapons
 F - the +9 sword of Power (weapon) {lifebolt}
   (You found it in the Dungeon)
Missiles
 d - 3 throwing nets (quivered)
Armour
 l - +5 shadow dragon scales (worn)
Jewellery
 z - a +6 ring of dexterity (right hand)
 A - a +6 ring of dexterity
 D - a +6 ring of strength (left hand)
 E - a +6 ring of strength
Wands
 a - a wand of flame (1)
 p - a wand of charming (4)
 v - a wand of mindburst (7)
 w - a wand of iceblast (4)
 x - a wand of acid (5)
Scrolls
 k - 4 scrolls of blinking
 r - 4 scrolls of amnesia
 s - 7 scrolls of fog
 t - 5 scrolls of identify
 u - 2 scrolls of fear
Potions
 f - 10 potions of curing
 g - 10 potions of heal wounds
 h - 6 potions of haste
 i - 7 potions of magic
 j - 3 potions of berserk rage
 m - 2 potions of brilliance
 n - 2 potions of invisibility
 o - 4 potions of resistance
 q - 5 potions of might


   Skills:
 + Level 8.0 Fighting
 * Level 10.2 Long Blades
 - Level 1.7 Throwing
 + Level 6.9 Armour
 * Level 10.2 Dodging
 + Level 9.5 Invocations
 + Level 7.2 Evocations


You had 8 spell levels left.
You didn't know any spells.
Your spell library contained the following spells:

 Spells                   Type           Power      Damage    Failure   Level
 Ozocubu's Armour         Ice            0%         N/A       100%        3
 Anguish                  Hex/Necr       0%         N/A       100%        4
 Cause Fear               Hex            0%         N/A       100%        4
 Enfeeble                 Hex            0%         N/A       100%        7
 Ozocubu's Refrigeration  Ice            0%         4d7       100%        7


Dungeon Overview and Level Annotations

Branches:
Dungeon (1/1)

Altars:
Ashenzari
Cheibriados
Dithmenos
Fedhas
Gozag
Hepliaklqana
Kikubaaqudgha
Makhleb
Nemelex Xobeh
Okawaru
Qazlal
Ru
Sif Muna
Trog
Uskayaw
Vehumet
Wu Jian
Xom
Yredelemnul
Jiyva
Lugonu

Annotations:
D 1 transporter


Innate Abilities, Weirdness & Mutations

You have a pair of large antennae on your head. (SInv)
You may rarely emit foul miasma when damaged in melee.
You regenerate a little health from kills.
You have a small tail.
Your touch may inflict minor irresistible damage on your foes.


Message History

The air elemental completely resists.
The stunning burst hits you.
You shrug off the repeated paralysis!
You can now pass through a line of other dancers.
You stomp with the beat, sending a shockwave through the revellers around you!
The air elemental is almost destroyed.
The air elemental is heavily damaged. x2
You can no longer pass through a line of other dancers.
The air elemental misses you.
The air elemental fires a burst of electricity at you.
The stunning burst misses the air elemental.
The stunning burst hits you but does no damage.
You shrug off the repeated paralysis!
The air elemental fires a burst of electricity at you.
The stunning burst hits you but does no damage.
You shrug off the repeated paralysis!
The air elemental closely misses you.
The air elemental fires a burst of electricity at you.
The stunning burst misses the air elemental.
The stunning burst misses you.
The air elemental hits you but does no damage.
The air elemental barely misses you.
The air elemental hits you but does no damage.
You can now pass through a line of other dancers.
You stomp with the beat, sending a shockwave through the revellers around you!
The air elemental is almost destroyed.
You destroy the air elemental!
The air elemental is severely damaged. x2
You can no longer pass through a line of other dancers.
The air elemental fires a burst of electricity at you.
The stunning burst misses you. The air elemental barely misses you.
The air elemental hits you but does no damage.
The air elemental hits you.
The air elemental fires a burst of electricity at you.
The stunning burst hits you!
You shrug off the repeated paralysis!
* * * LOW HITPOINT WARNING * * *
The air elemental hits you but does no damage.
The air elemental fires a burst of electricity at you.
The stunning burst misses you.
The air elemental fires a burst of electricity at you.
The stunning burst hits you!
You shrug off the repeated paralysis!
You die...

▓.....▓.....▓..©..▓
▓..©..▓..©..▓▓▓▓▓▓▓
▓▓▓▓▓▓▓▓▓▓▓▓▓▓▓▓▓▓▓
▓..8©8...▓..8©8...▓
▓..)|)...▓..)!)...▓
▓........▓../.)...▓
▓..))....▓........▓
▓..).....▓..EEE...▓
{
▓.▓....▓.▓..E@....▓
{
▓...©....▓...©....▓
▓▓▓▓▓▓▓▓▓▓▓▓▓▓▓▓▓▓▓


{{{{ {{{ {{{ {{{ You could see 4 air elementals.

Vanquished Creatures
  2 ugly things (D)
  4 toenail golems (D)
  An air elemental (D)
  An acid dragon (shapeshifter) (D)
  An orc wizard (D)
  A white imp (D)
  An adder simulacrum (D)
  3 orcs (D)
14 creatures vanquished.

Notes
Turn   | Place    | Note
-------+----------+-------------------------------------------
     0 | D        | Revguard the Demonspawn Gladiator began the quest for the
                  | Orb.
     0 | D        | Reached XP level 1. HP: 16/16 MP: 1/1
    14 | D        | Found a shimmering blue altar of Sif Muna.
    14 | D        | Found a bloodstained altar of Trog.
    14 | D        | Found a sacrificial altar of Ru.
    14 | D        | Found a stormy altar of Qazlal.
    14 | D        | Found an iron altar of Okawaru.
    15 | D        | Found a sparkling altar of Nemelex Xobeh.
    15 | D        | Found a blossoming altar of Fedhas.
    15 | D        | Found the +6 Majin-Bo {spellvamp, MP+6 Int+6}
    15 | D        | Found the +27 heavy crossbow "Sniper" {heavy, Acc+∞ SInv}
    15 | D        | Found the +10 dark maul {heavy}
    15 | D        | Found the +15 Maxwell's patent armour {-Cast -Tele rElec
                  | Will+ rCorr}
    15 | D        | Found the +18 shield of the Gong {Loud rN+ Will+ rCorr
                  | EV-5}
    15 | D        | Found the +16 obsidian axe {drain, demonic, Mesm Drain Fly
                  | SInv}
    15 | D        | Found the +7 great mace "Firestarter" {flame, immolate,
                  | rFlCloud rF++}
    15 | D        | Found the +6 shillelagh "Devastator" {shatter}
    15 | D        | Found the +11 plutonium sword {Contam Stlth-}
    15 | D        | Found the +8 lance "Wyrmbane" {slay drac, rPois rF+ rC+
                  | AC+3}
    15 | D        | Found the +9 sword of Zonguldrok {reap}
    15 | D        | Found the +13 scythe of Curses {drain, curses, Drain}
    15 | D        | Found the +9 sword of Power {lifebolt}
    15 | D        | Found the +7 mace of Variability {chaos, chaos arc}
    15 | D        | Found the +11 Singing Sword {sonic wave}
    15 | D        | Found the +8 storm bow {elec, penet}
    17 | D        | Found a transporter.
    17 | D        | Found an ancient bone altar of Kikubaaqudgha.
    17 | D        | Found a viscous altar of Jiyva.
    17 | D        | Found a corrupted altar of Lugonu.
    17 | D        | Found a hazy altar of Hepliaklqana.
    17 | D        | Found a burning altar of Makhleb.
    17 | D        | Found an opulent altar of Gozag.
    53 | D        | Became a worshipper of Uskayaw the Reveller
    58 | D        | Discovered your monstrous ancestry.
    58 | D        | Gained mutation: Your touch may inflict minor irresistible
                  | damage on your foes. [demonic ancestry]
    58 | D        | Reached XP level 2. HP: 24/24 MP: 1/4
    92 | D        | Entered arena 2.
    92 | D        | Found a transporter.
    97 | D        | Reached * piety under Uskayaw
   104 | D        | Entered arena 3.
   104 | D        | Noticed a purple ugly thing
   104 | D        | Noticed a cyan ugly thing
   104 | D        | Noticed an acid dragon
   104 | D        | Found a transporter.
   105 | D        | Reached ** piety under Uskayaw
   106 | D        | Killed an acid dragon
   107 | D        | Reached skill level 5 in Long Blades
   107 | D        | Reached skill level 5 in Dodging
   107 | D        | Gained mutation: You have a pair of small antennae on your
                  | head. [demonic ancestry]
   107 | D        | Reached XP level 3. HP: 30/30 MP: 4/6
   107 | D        | Gained mutation: You may rarely emit foul miasma when
                  | damaged in melee. [demonic ancestry]
   107 | D        | Reached XP level 4. HP: 37/37 MP: 4/7
   107 | D        | Reached *** piety under Uskayaw
   108 | D        | Killed a cyan ugly thing
   108 | D        | Reached **** piety under Uskayaw
   109 | D        | Reached skill level 5 in Fighting
   109 | D        | Reached skill level 5 in Evocations
   109 | D        | Gained mutation: You have a pair of antennae on your head.
                  | [demonic ancestry]
   109 | D        | Reached XP level 5. HP: 46/46 MP: 4/10
   109 | D        | Gained mutation: You have a pair of large antennae on your
                  | head. (SInv) [demonic ancestry]
   109 | D        | Reached XP level 6. HP: 52/52 MP: 4/11
   111 | D        | Killed a cyan ugly thing
   111 | D        | Reached ***** piety under Uskayaw
   112 | D        | Reached skill level 5 in Armour
   112 | D        | Gained mutation: You have a small tail. [demonic ancestry]
   112 | D        | Reached XP level 7. HP: 20/59 MP: 4/12
   249 | D        | Entered arena 4.
   249 | D        | Noticed a toenail golem
   249 | D        | Noticed a toenail golem
   249 | D        | Noticed a toenail golem
   249 | D        | Noticed a toenail golem
   249 | D        | Found a transporter.
   256 | D        | Killed a toenail golem
   257 | D        | Reached XP level 8. HP: 51/67 MP: 12/14
   260 | D        | Killed a toenail golem
   260 | D        | Killed a toenail golem
   261 | D        | Killed a toenail golem
   262 | D        | Reached skill level 10 in Long Blades
   262 | D        | Reached skill level 10 in Dodging
   262 | D        | Gained mutation: You regenerate a little health from kills.
                  | [demonic ancestry]
   262 | D        | Reached XP level 9. HP: 45/74 MP: 9/16
   351 | D        | Entered arena 5.
   351 | D        | Found the +3 greatsling "Punk" {acid, rCorr}
   351 | D        | Found a transporter.
   368 | D        | Entered arena 6.
   368 | D        | Found a transporter.
   370 | D        | Paralysed by an air elemental for 1 turns
   373 | D        | Killed from afar by an air elemental

Illustrated notes

Levels and vault maps discovered:
D:        sprint_v [room_start, room_1, room_2, room_3, room_4, room_5, room_6,
          room_7, room_8, room_9, room_10, room_11, room_12, room_13, room_14,
          room_15, room_16, room_17, room_18, room_19, room_20, room_21,
          room_22, room_23, room_24, room_25, room_26, room_27]

Skill      XL: |  1  2  3  4  5  6  7  8  9 |
---------------+----------------------------+-----
Fighting       | 3 4 5 6 7 8 |  8.0
Long Blades    | 4 5 7 8 9 10 | 10.2
Armour         | 2 3 4 5 6 |  6.9
Dodging        | 4 5 7 8 9 10 | 10.2
Invocations    | 3 4 6 7 8 9 |  9.5
Evocations     | 2 3 5 6 7 |  7.2
Throwing       | |  1.7

Action                     |  1- 3 |  4- 6 |  7- 9 || total
---------------------------+-------+-------+-------++-------
  Melee: Great sword       |     2 |     3 |    15 ||    20
         Tailslap          |       |       |     2 ||     2
 Invoke: Stomp             |       |       |     3 ||     3
  Evoke: Wand              |     2 |     1 |     2 ||     5
    Use: Potion            |     1 |       |       ||     1
   Stab: Sleeping          |     2 |       |       ||     2
         Paralysed         |       |     2 |     2 ||     4
 Armour: Shadow dragon sca |       |     2 |    34 ||    36
  Dodge: Dodged            |       |     2 |    31 ||    33

Table legend: (Time is in decaauts)
 A = Elapsed time spent in this place.
 B = Non-inter-level travel time spent in this place.
 C = Inter-level travel time spent in this place.
 D = Time resting spent in this place.
 E = Time spent auto-exploring this place.
 F = Levels seen in this place.
 G = Mean time per level.
                   A        B        C        D        E       F      G
               +--------+--------+--------+--------+--------+-----+--------+
         Total |    377 |    377 |      0 |    218 |      0 |   1 |  377.0 |
       Dungeon |    377 |    377 |      0 |    218 |      0 |   1 |  377.0 |
               +--------+--------+--------+--------+--------+-----+--------+

Top non-repeatable levels by time:
       D: 377 daAuts
